NYP
LOS ANGELES (NYP) ANGELS @ ABERDEEN IRONBIRDS
07/15/2044
 
TOP OF THE 1ST
Los Angeles (NYP) Angels batting - Pitching for Aberdeen Ironbirds : RHP Nick Weirick
Pitching: RHP Nick Weirick
Batting: RHB Randy Grewe 0-0: Fly out, F8 (Flyball, 8LD, EV 103.8 MPH)
Batting: RHB Steve Hasson 0-0: Ball
1-0: Ball
2-0: Called Strike
2-1: Ball
3-1: Called Strike
3-2: Base on Balls
Batting: RHB Jeff Long 0-0: Ball
Steve Hasson is caught stealing 2nd base 2-4
1-0: Called Strike
1-1: Foul Ball, location: 2F
1-2: Foul Ball, location: 2F
1-2: Strikes out swinging
Top of the 1st over - 0 runs, 0 hits, 0 errors, 0 left on base; Los Angeles (NYP) 0 - Aberdeen 0
BOTTOM OF THE 1ST
Aberdeen Ironbirds batting - Pitching for Los Angeles (NYP) Angels : RHP Jose Alvarado
Pitching: RHP Jose Alvarado
Batting: LHB Shane Free 0-0: Ball
1-0: Foul Ball, location: 2RF, Error on foul ball, E2
1-1: Ball
2-1: Called Strike
2-2: Foul Ball, location: 2F
2-2: Foul Ball, location: 2F
2-2: Ball
3-2: Strikes out swinging
Batting: RHB Jordan Wallace 0-0: Ball
1-0: Swinging Strike
1-1: Swinging Strike
1-2: Strikes out looking
Batting: RHB Edwin Ramos 0-0: Ball
1-0: Ball
2-0: SINGLE (Line Drive, 4MD, EV 103.1 MPH)
Batting: RHB Kiyuu del Castillo 0-0: Hit by Pitch
Edwin Ramos to second
Batting: LHB David Best 0-0: Ball
1-0: Called Strike
1-1: Fly out, F8 (Flyball, 8RXD, EV 94.4 MPH)
Bottom of the 1st over - 0 runs, 1 hit, 1 error, 2 left on base; Los Angeles (NYP) 0 - Aberdeen 0
TOP OF THE 2ND
Los Angeles (NYP) Angels batting - Pitching for Aberdeen Ironbirds : RHP Nick Weirick
Batting: SHB Conor Davies 0-0: Called Strike
0-1: Fly out, F9 (Flyball, 9D, EV 84.4 MPH)
Batting: RHB John Beddow 0-0: Ball
1-0: Ground out 6-3 (Groundball, 4MS, EV 87.5 MPH)
Batting: RHB Tsega Haida 0-0: Ground out 5-3 (Groundball, 56S, EV 65.0 MPH)
Top of the 2nd over - 0 runs, 0 hits, 0 errors, 0 left on base; Los Angeles (NYP) 0 - Aberdeen 0
BOTTOM OF THE 2ND
Aberdeen Ironbirds batting - Pitching for Los Angeles (NYP) Angels : RHP Jose Alvarado
Batting: SHB Jorge Brito 0-0: Swinging Strike
0-1: Foul Ball, location: 2F
0-2: Strikes out swinging
Batting: RHB Hunter Neumann 0-0: Called Strike
0-1: Ball
1-1: Foul Ball, location: 2F
1-2: Strikes out looking
Batting: RHB Lee Deason 0-0: Ball
1-0: Foul Ball, location: 2F
1-1: Ball
2-1: Ball
3-1: Base on Balls
Batting: SHB Tyler Myatt 0-0: Ball
1-0: Ball
Lee Deason steals 2nd base
2-0: Foul Ball, location: 2F
2-1: Called Strike
2-2: Ball
3-2: Strikes out swinging
Bottom of the 2nd over - 0 runs, 0 hits, 0 errors, 1 left on base; Los Angeles (NYP) 0 - Aberdeen 0
TOP OF THE 3RD
Los Angeles (NYP) Angels batting - Pitching for Aberdeen Ironbirds : RHP Nick Weirick
Batting: RHB Jason Habeck 0-0: Ball
1-0: Ball
2-0: Ball
3-0: Called Strike
3-1: Base on Balls
Batting: RHB David Kunze 0-0: Foul Ball, location: 2F
0-1: Ball
1-1: Called Strike
1-2: Ball
2-2: Foul Ball, location: 2F
2-2: Foul Ball, location: 2F
2-2: Strikes out swinging
Batting: RHB D.J. Martinez 0-0: Called Strike
0-1: Foul Ball, location: 2F
0-2: Ball
1-2: Ball
2-2: Strikes out looking
Batting: RHB Randy Grewe 0-0: Foul Ball, location: 2F
0-1: Foul Ball, location: 2F
0-2: DOUBLE (Line Drive, 78M, EV 95.0 MPH)
Jason Habeck to third
Batting: RHB Steve Hasson 0-0: Swinging Strike
0-1: Foul Ball, location: 2F
0-2: Ball
1-2: Foul Ball, location: 2F
1-2: Foul Ball, location: 2F
1-2: Ball
2-2: Ball
3-2: Foul Ball, location: 2F
3-2: Strikes out swinging
Top of the 3rd over - 0 runs, 1 hit, 0 errors, 2 left on base; Los Angeles (NYP) 0 - Aberdeen 0
BOTTOM OF THE 3RD
Aberdeen Ironbirds batting - Pitching for Los Angeles (NYP) Angels : RHP Jose Alvarado
Batting: LHB Shane Free 0-0: Ball
1-0: Ball
2-0: Foul Ball, location: 2F
2-1: Foul Ball, location: 2F
2-2: Ball
3-2: Strikes out swinging
Batting: RHB Jordan Wallace 0-0: Called Strike
0-1: Ball
1-1: Ball
2-1: Ball
3-1: SINGLE (Groundball, 56D, EV 105.0 MPH)
Batting: RHB Edwin Ramos 0-0: Ball
1-0: Called Strike
1-1: Ball
2-1: SINGLE (Line Drive, 8RS, EV 99.4 MPH)
Jordan Wallace to second
Runner from 2nd tries for 3rd, SAFE, no throw by CF
Batting: RHB Kiyuu del Castillo 0-0: Ball
1-0: Ball
2-0: Grounds into double play, 6-4-3 (Groundball, 6, EV 105.0 MPH)
Bottom of the 3rd over - 0 runs, 2 hits, 0 errors, 1 left on base; Los Angeles (NYP) 0 - Aberdeen 0
TOP OF THE 4TH
Los Angeles (NYP) Angels batting - Pitching for Aberdeen Ironbirds : RHP Nick Weirick
Batting: RHB Jeff Long 0-0: Ball
1-0: Foul Ball, location: 2F
1-1: Ball
2-1: Ball
3-1: Foul Ball, location: 2F
3-2: Base on Balls
Batting: SHB Conor Davies 0-0: Ball
1-0: DOUBLE (Line Drive, 9LM, EV 106.9 MPH)
Jeff Long to third
Runner from 3rd tries for Home, SAFE, no throw by RF
Batting: RHB John Beddow 0-0: Ball
1-0: Ball
2-0: Called Strike
2-1: Foul Ball, location: 2F
2-2: Ground out 4-3 (Groundball, 4M, EV 85.6 MPH)
Conor Davies to third
Batting: RHB Tsega Haida Balk!
Conor Davies scores
0-0: Called Strike
0-1: Ball
1-1: Ball
2-1: Ball
3-1: Foul Ball, location: 2F
3-2: SOLO HOME RUN (Flyball, 7D, EV 111.3 MPH), Distance : 407 ft
Batting: RHB Jason Habeck 0-0: Called Strike
0-1: Ball
1-1: Ball
2-1: Swinging Strike
2-2: Ball
3-2: Strikes out swinging
Batting: RHB David Kunze 0-0: Ball
1-0: Called Strike
1-1: Ground out 6-3 (Groundball, 6, EV 80.0 MPH)
Top of the 4th over - 3 runs, 2 hits, 0 errors, 0 left on base; Los Angeles (NYP) 3 - Aberdeen 0
BOTTOM OF THE 4TH
Aberdeen Ironbirds batting - Pitching for Los Angeles (NYP) Angels : RHP Jose Alvarado
Batting: LHB David Best 0-0: Foul Ball, location: 2F
0-1: Ball
1-1: Ground out 6-3 (Groundball, 6, EV 90.6 MPH)
Batting: SHB Jorge Brito 0-0: Swinging Strike
0-1: Ball
1-1: Swinging Strike
1-2: Strikes out swinging
Batting: RHB Hunter Neumann 0-0: Ball
1-0: Called Strike
1-1: Swinging Strike
1-2: Ball
2-2: Ball
3-2: Ground out 6-3 (Groundball, 6, EV 105.0 MPH)
Bottom of the 4th over - 0 runs, 0 hits, 0 errors, 0 left on base; Los Angeles (NYP) 3 - Aberdeen 0
TOP OF THE 5TH
Los Angeles (NYP) Angels batting - Pitching for Aberdeen Ironbirds : RHP Nick Weirick
Batting: RHB D.J. Martinez 0-0: Ball
1-0: Ground out 5-3 (Groundball, 56S, EV 66.9 MPH)
Batting: RHB Randy Grewe 0-0: Ball
1-0: Foul Ball, location: 2F
1-1: SINGLE (Line Drive, 7S, EV 106.3 MPH)
Batting: RHB Steve Hasson 0-0: Ball
1-0: Called Strike
1-1: Called Strike
1-2: Foul Ball, location: 2F
1-2: Strikes out looking
Pitching: LHP Chris Brown
Batting: RHB Jeff Long 0-0: Called Strike
0-1: Reached on error, E6 (Groundball, 6, EV 83.1 MPH)
Randy Grewe to second
Batting: SHB Conor Davies 0-0: Foul Ball, location: 2F
0-1: Fly out, F7 (Flyball, 7LS, EV 85.6 MPH)
Top of the 5th over - 0 runs, 1 hit, 1 error, 2 left on base; Los Angeles (NYP) 3 - Aberdeen 0
BOTTOM OF THE 5TH
Aberdeen Ironbirds batting - Pitching for Los Angeles (NYP) Angels : RHP Jose Alvarado
Batting: RHB Lee Deason 0-0: Fly out, F4 (Line Drive, 4, EV 64.4 MPH)
Batting: SHB Tyler Myatt 0-0: Called Strike
0-1: Swinging Strike
0-2: Foul Ball, location: 2F
0-2: Strikes out swinging
Batting: LHB Shane Free 0-0: Ball
1-0: Ball
2-0: Called Strike
2-1: Ball
3-1: Base on Balls
Batting: RHB Jordan Wallace 0-0: Ball
Shane Free steals 2nd base
1-0: Ball
2-0: Ball
3-0: Fly out, F8 (Line Drive, 8LD, EV 100.0 MPH)
Bottom of the 5th over - 0 runs, 0 hits, 0 errors, 1 left on base; Los Angeles (NYP) 3 - Aberdeen 0
TOP OF THE 6TH
Los Angeles (NYP) Angels batting - Pitching for Aberdeen Ironbirds : LHP Chris Brown
Batting: RHB John Beddow 0-0: Ball
1-0: Swinging Strike
1-1: Swinging Strike
1-2: Strikes out looking
Batting: RHB Tsega Haida 0-0: Called Strike
0-1: Swinging Strike
0-2: Strikes out swinging
Batting: RHB Jason Habeck 0-0: Called Strike
0-1: Ball
1-1: Ball
2-1: Fly out, F7 (Line Drive, 7, EV 90.6 MPH)
Top of the 6th over - 0 runs, 0 hits, 0 errors, 0 left on base; Los Angeles (NYP) 3 - Aberdeen 0
BOTTOM OF THE 6TH
Aberdeen Ironbirds batting - Pitching for Los Angeles (NYP) Angels : RHP Jose Alvarado
Batting: RHB Edwin Ramos 0-0: Ball
1-0: Called Strike
1-1: Foul Ball, location: 2F
1-2: Foul Ball, location: 2F
1-2: Ball
2-2: Ground out 4-3 (Groundball, 4, EV 83.8 MPH)
Batting: RHB Kiyuu del Castillo 0-0: DOUBLE (Flyball, 8RXD, EV 110.0 MPH)
Batting: LHB David Best 0-0: Called Strike
0-1: Ball
1-1: Fly out, F8 (Flyball, 89D, EV 104.4 MPH)
Runner from 2nd tags up, OUT at 3rd! 8-5
Bottom of the 6th over - 0 runs, 1 hit, 0 errors, 0 left on base; Los Angeles (NYP) 3 - Aberdeen 0
TOP OF THE 7TH
Los Angeles (NYP) Angels batting - Pitching for Aberdeen Ironbirds : LHP Chris Brown
Batting: RHB David Kunze 0-0: Called Strike
0-1: Swinging Strike
0-2: Ball
1-2: Strikes out swinging
Batting: RHB D.J. Martinez 0-0: Foul Ball, location: 2F
0-1: Ball
1-1: Ball
2-1: Fly out, F8 (Flyball, 8LXD, EV 108.1 MPH)
Batting: RHB Randy Grewe 0-0: Foul Ball, location: 2F
0-1: Ball
1-1: Ball
2-1: Ground out 4-3 (Groundball, 4MS, EV 66.3 MPH)
Top of the 7th over - 0 runs, 0 hits, 0 errors, 0 left on base; Los Angeles (NYP) 3 - Aberdeen 0
BOTTOM OF THE 7TH
Aberdeen Ironbirds batting - Pitching for Los Angeles (NYP) Angels : RHP Jose Alvarado
Batting: SHB Jorge Brito 0-0: SOLO HOME RUN (Flyball, 89XD, EV 104.4 MPH), Distance : 421 ft
Batting: RHB Hunter Neumann 0-0: Called Strike
0-1: Called Strike
0-2: SINGLE (Groundball, 6MD, EV 94.4 MPH)
Batting: RHB Lee Deason 0-0: Ball
1-0: Foul Ball, location: 2F
1-1: Foul Ball, location: 2F
1-2: Fly out, F6 (Popup, 6, EV 50.0 MPH)
Batting: SHB Tyler Myatt 0-0: Called Strike
0-1: Foul Ball, location: 2F
0-2: Ball
1-2: Strikes out swinging
Batting: LHB Shane Free 0-0: Ball
1-0: Called Strike
1-1: Foul Ball, location: 2F
1-2: 2-RUN HOME RUN (Flyball, 9LD, EV 92.5 MPH), Distance : 339 ft
Batting: RHB Jordan Wallace 0-0: Ball
1-0: Ball
2-0: Ball
3-0: Base on Balls
Pitching: LHP Alex Pulido
Batting: RHB Edwin Ramos 0-0: Ball
1-0: Called Strike
1-1: Ball
2-1: Foul Ball, location: 2F
2-2: Fly out, F7 (Line Drive, 7D, EV 108.1 MPH)
Bottom of the 7th over - 3 runs, 3 hits, 0 errors, 1 left on base; Los Angeles (NYP) 3 - Aberdeen 3
TOP OF THE 8TH
Los Angeles (NYP) Angels batting - Pitching for Aberdeen Ironbirds : LHP Chris Brown
Pitching: RHP Jon Grason
Batting: RHB Steve Hasson 0-0: Ball
1-0: Swinging Strike
1-1: Ball
2-1: Ground out 6-3 (Groundball, 6, EV 103.8 MPH)
Batting: RHB Jeff Long 0-0: Called Strike
0-1: Ball
1-1: Ball
2-1: Ball
3-1: Base on Balls
Batting: SHB Conor Davies 0-0: Ball
Jeff Long steals 2nd base
1-0: Intentional Walk
Batting: RHB John Beddow 0-0: Called Strike
0-1: Swinging Strike
0-2: Ball
1-2: Ball
2-2: Foul Ball, location: 2F
2-2: Strikes out swinging
Batting: RHB Tsega Haida 0-0: Foul Ball, location: 2F
0-1: Foul Ball, location: 2F
0-2: Foul Ball, location: 2F
0-2: Ball
1-2: Foul Ball, location: 2F
1-2: Strikes out looking
Top of the 8th over - 0 runs, 0 hits, 0 errors, 2 left on base; Los Angeles (NYP) 3 - Aberdeen 3
BOTTOM OF THE 8TH
Aberdeen Ironbirds batting - Pitching for Los Angeles (NYP) Angels : LHP Alex Pulido
Batting: RHB Kiyuu del Castillo 0-0: Ball
1-0: Ball
2-0: Called Strike
2-1: Called Strike
2-2: Ball
3-2: Foul Ball, location: 2F
3-2: Ground out 5-3 (Groundball, 5S, EV 76.3 MPH)
Batting: LHB David Best 0-0: Called Strike
0-1: Called Strike
0-2: Strikes out swinging
Batting: SHB Jorge Brito 0-0: Called Strike
0-1: Ball
1-1: Ball
2-1: Swinging Strike
2-2: Ball
3-2: Strikes out looking
Bottom of the 8th over - 0 runs, 0 hits, 0 errors, 0 left on base; Los Angeles (NYP) 3 - Aberdeen 3
TOP OF THE 9TH
Los Angeles (NYP) Angels batting - Pitching for Aberdeen Ironbirds : RHP Jon Grason
Pitching: LHP Randall Rennie
Batting: RHB Jason Habeck 0-0: Called Strike
0-1: Ball
1-1: Ball
2-1: Ball
3-1: Called Strike
3-2: Strikes out looking
Batting: RHB David Kunze 0-0: SINGLE (Flyball, 34D, EV 93.8 MPH)
Batting: RHB D.J. Martinez 0-0: Ball
1-0: Foul Ball, location: 2F
1-1: Swinging Strike
1-2: Ball
2-2: Foul Ball, location: 2F
2-2: Strikes out looking
Batting: RHB Randy Grewe 0-0: Ball
1-0: Ball
2-0: Ball
3-0: Called Strike
3-1: Called Strike
3-2: Strikes out swinging
Top of the 9th over - 0 runs, 1 hit, 0 errors, 1 left on base; Los Angeles (NYP) 3 - Aberdeen 3
BOTTOM OF THE 9TH
Aberdeen Ironbirds batting - Pitching for Los Angeles (NYP) Angels : LHP Alex Pulido
Pitching: LHP Brandon Davis
Batting: RHB Hunter Neumann 0-0: SINGLE (Groundball, 56D, EV 114.4 MPH)
Batting: RHB Lee Deason 0-0: Called Strike
0-1: Called Strike
0-2: Ball
1-2: Ball
2-2: Strikes out swinging
Batting: SHB Tyler Myatt 0-0: Called Strike
0-1: Ball
1-1: Bunted foul
1-2: Strikes out looking
Batting: LHB Shane Free 0-0: Swinging Strike
0-1: Foul Ball, location: 2F
0-2: Foul Ball, location: 2F
0-2: Strikes out swinging
Bottom of the 9th over - 0 runs, 1 hit, 0 errors, 1 left on base; Los Angeles (NYP) 3 - Aberdeen 3
TOP OF THE 10TH
Los Angeles (NYP) Angels batting - Pitching for Aberdeen Ironbirds : LHP Randall Rennie
Batting: RHB Steve Hasson 0-0: Ball
1-0: Called Strike
1-1: Ball
2-1: Ball
3-1: Foul Ball, location: 2F
3-2: Foul Ball, location: 2F
3-2: Foul Ball, location: 2F
3-2: Strikes out swinging
Batting: RHB Jeff Long 0-0: Called Strike
0-1: Swinging Strike
0-2: Strikes out swinging
Batting: SHB Conor Davies 0-0: SINGLE (Groundball, 6MS, EV 88.8 MPH) (infield hit)
Pitching: LHP Randy Adams
Pinch Runner at 1st Steve Hughey:
Batting: RHB John Beddow 0-0: Called Strike
0-1: Called Strike
0-2: Strikes out swinging
Top of the 10th over - 0 runs, 1 hit, 0 errors, 1 left on base; Los Angeles (NYP) 3 - Aberdeen 3
BOTTOM OF THE 10TH
Aberdeen Ironbirds batting - Pitching for Los Angeles (NYP) Angels : LHP Brandon Davis
Now in RF: Mario Velazquez
Batting: RHB Jordan Wallace 0-0: Ball
1-0: Fly out, F7 (Flyball, 7LM, EV 73.1 MPH)
Batting: RHB Edwin Ramos 0-0: Swinging Strike
0-1: Ground out U3 (Groundball, 34, EV 93.1 MPH)
Batting: RHB Kiyuu del Castillo 0-0: Ball
1-0: Fly out, F9 (Flyball, 9S, EV 83.1 MPH)
Bottom of the 10th over - 0 runs, 0 hits, 0 errors, 0 left on base; Los Angeles (NYP) 3 - Aberdeen 3
TOP OF THE 11TH
Los Angeles (NYP) Angels batting - Pitching for Aberdeen Ironbirds : LHP Randy Adams
Batting: RHB Tsega Haida 0-0: Ball
1-0: Foul Ball, location: 2F
1-1: Foul Ball, location: 2F
1-2: Strikes out swinging
Batting: RHB Jason Habeck 0-0: Called Strike
0-1: Called Strike
0-2: Ball
1-2: Ball
2-2: Strikes out swinging
Batting: RHB David Kunze 0-0: Ball
1-0: SOLO HOME RUN (Flyball, 7LD, EV 96.9 MPH), Distance : 350 ft
Batting: RHB D.J. Martinez 0-0: Ground out 4-3 (Groundball, 4, EV 78.1 MPH)
Top of the 11th over - 1 run, 1 hit, 0 errors, 0 left on base; Los Angeles (NYP) 4 - Aberdeen 3
BOTTOM OF THE 11TH
Aberdeen Ironbirds batting - Pitching for Los Angeles (NYP) Angels : LHP Brandon Davis
Batting: LHB David Best 0-0: Ball
1-0: Swinging Strike
1-1: Called Strike
1-2: Ball
2-2: Ball
3-2: Base on Balls
Batting: SHB Jorge Brito 0-0: Called Strike
0-1: Ball
1-1: Foul Ball, location: 2F
1-2: Fly out, F9 (Flyball, 89XD, EV 86.3 MPH)
Batting: RHB Hunter Neumann 0-0: Ball
1-0: Swinging Strike
1-1: Foul Ball, location: 2F
1-2: Fly out, F9 (Flyball, 89M, EV 88.8 MPH)
Batting: RHB Lee Deason 0-0: Swinging Strike
0-1: SINGLE (Flyball, 7LS, EV 96.9 MPH)
David Best to second
Batting: SHB Tyler Myatt 0-0: Swinging Strike
0-1: Foul Ball, location: 2F
0-2: Ball
1-2: Ball
2-2: Ball
3-2: Strikes out swinging
Bottom of the 11th over - 0 runs, 1 hit, 0 errors, 2 left on base; Los Angeles (NYP) 4 - Aberdeen 3
Thursday, March 31st , 2022 - OOTP Baseball 22.12 Build 89